 Dungeon Crawl Stone Soup version 0.18-a0-1788-g92de1ac (webtiles) character file.

2 macross the Grasshopper (level 1, 15/15 (17) HPs)
             Began as a Ghoul Warper on Apr 20, 2016.
             Safely got out of the dungeon.
             The game lasted 00:03:38 (503 turns).

macross the Grasshopper (Ghoul Warper)               Turns: 503, Time: 00:03:39

HP:   15/15 (17)    AC:  3    Str: 14    XL:     1   Next: 40%
MP:   2/2           EV: 11    Int:  8    God:
Gold: 0             SH:  0    Dex:  8    Spells: 1 memorised, 2 levels left

rFire  . . .     SeeInvis .     a - +0 falchion
rCold  + . .     Gourm    .     b - +0 leather armour
rNeg   + + +     Faith    .     (no shield)
rPois  ∞         Spirit   .     (no helmet)
rElec  .         Dismiss  .     (no cloak)
rCorr  .         Reflect  .     (no gloves)
SustAt .         Harm     .     (no boots)
MR     .....                    (no amulet)
Stlth  +.........               (no ring)
                                (no ring)

@: rotting, not resistant to hostile enchantments, very unstealthy
A: rotting body, claws 1, carnivore 3, cold resistance 1, negative energy
resistance 3, slow regeneration 1, torment resistance, unbreathing
a: no special abilities


You escaped.
You were not hungry.

You visited 1 branch of the dungeon, and saw 1 of its levels.

Inventory:

Hand Weapons
 a - a +0 falchion (weapon)
Missiles
 d - 31 stones
 e - 5 tomahawks of dispersal (quivered)
Armour
 b - a +0 leather armour (worn)
Books
 c - a book of Spatial Translocations

   Spells                             Type                      Level
   a - Apportation                    Translocation                1
   b - Blink                          Translocation                2
   c - Shroud of Golubria             Charms/Translocation         2
   d - Portal Projectile              Translocation                3
   e - Teleport Other                 Translocation                3
   f - Passage of Golubria            Translocation                4
Comestibles
 f - a meat ration


   Skills:
 + Level 2.2 Fighting
 + Level 1.7 Long Blades
 + Level 0.8 Throwing
 + Level 0.8 Armour
 + Level 1.8 Dodging
 + Level 1.7 Spellcasting
 + Level 2.8 Translocations


You had 2 spell levels left.
You knew the following spells:

 Your Spells              Type           Power        Failure   Level  Hunger
a - Apportation           Tloc           #.........   17%         1    ##.....


Dungeon Overview and Level Annotations

Branches:
Dungeon (1/15)

Altars:


Innate Abilities, Weirdness & Mutations

Your body is rotting away.
You thrive on raw meat.
You are immune to poison.
You have sharp fingernails.
You are carnivorous and can eat meat at any time.
Your flesh is cold resistant.
You are immune to negative energy.
You regenerate slowly when monsters are visible.
You are immune to unholy pain and torment.
You can survive without breathing.


Message History

Are you sure you want to leave the Dungeon?
This will make you lose the game!
Alright, then stay!
There is a staircase leading out of the dungeon here.
You can't go down here!
Are you sure you want to leave the Dungeon?
This will make you lose the game! [Y]es or [N]o only, please.
Are you sure you want to leave the Dungeon?
This will make you lose the game! [Y]es or [N]o only, please.
Are you sure you want to leave the Dungeon?
This will make you lose the game! [Y]es or [N]o only, please.
Are you sure you want to leave the Dungeon?
This will make you lose the game! [Y]es or [N]o only, please.
Are you sure you want to leave the Dungeon?
This will make you lose the game! [Y]es or [N]o only, please.
Are you sure you want to leave the Dungeon?
This will make you lose the game! [Y]es or [N]o only, please.
Are you sure you want to leave the Dungeon?
This will make you lose the game! [Y]es or [N]o only, please.
Are you sure you want to leave the Dungeon?
This will make you lose the game!
You have escaped!

# #. .# .# ###+###
##.##### ###8#8'8###
#.##...###.........##
#.#....##...........##
#.#....#............'#
#.'...........@.....8+
#.#....#............##
#.#....##...........#
#.##...###.........##
##.##### ####8'8####
.# ######'###### .#
#.........§§# #.
#≈≈≈.....≈§≈# #
###≈≈≈≈§≈≈###


There were no monsters in sight!

Vanquished Creatures
  2 hobgoblins (D:1)
2 creatures vanquished.

Notes
Turn   | Place    | Note
--------------------------------------------------------------
     0 | D:1      | macross the Ghoul Warper began the quest for the Orb.
     0 | D:1      | Reached XP level 1. HP: 17/17 MP: 2/2
   503 | D:$      | Safely got out of the dungeon.

Vault maps used:
D:1:      dpeg_arrival_morbid_curiosity, serial_forest,
          infiniplex_forest_clump_small, infiniplex_forest_corner_1,
          infiniplex_forest_end_1, infiniplex_forest_clump_small,
          infiniplex_forest_lined_room_, lexackson_kobold_supper

Action                   || total
-------------------------++-------
Melee: Falchion          ||     9
  Use: Scroll            ||     1
Armor: Leather armour    ||     1
Dodge: Dodged            ||    12
